3L
OAKLAND OAKS @ LONE STAR BC
09/08/2019
 
TOP OF THE 1ST
Oakland Oaks batting - Pitching for Lone Star BC : RHP Cisco Cruz
Pitching: RHP Cisco Cruz
Batting: RHB Alden Wiley 0-0: Ball
1-0: Bunted foul
1-1: Swinging Strike
1-2: SINGLE (Line Drive, 4D)
Batting: RHB Aurelio Vázquez 0-0: Ball
1-0: SINGLE (Groundball, 6MD)
Alden Wiley to second
Batting: RHB Chandler Bailey 0-0: Ball
Wild Pitch!
Alden Wiley to third
Aurelio Vázquez to second
1-0: Fly out, F2 (Popup, 2RF)
Batting: LHB Monte Pollard 0-0: Swinging Strike
0-1: Foul Ball, location: 2F
0-2: Strikes out swinging
Batting: RHB Eric Murti 0-0: Called Strike
0-1: Swinging Strike
0-2: Ball
1-2: Fly out, F6 (Popup, 6MD)
Top of the 1st over - 0 run(s), 2 hit(s), 0 error(s), 2 left on base; Oakland 0 - Lone Star 0
BOTTOM OF THE 1ST
Lone Star BC batting - Pitching for Oakland Oaks : RHP Ramiro Lara
Pitching: RHP Ramiro Lara
Batting: LHB William Wise 0-0: Ball
1-0: Fly out, F1 (Line Drive, 13)
Batting: SHB Leonard O'Connor 0-0: Reached on error, E4 (Groundball, 34)
Batting: RHB Luis Mendoza 0-0: Called Strike
0-1: Swinging Strike
0-2: Ball
1-2: Ball
2-2: Foul Ball, location: 2F
2-2: Foul Ball, location: 2F
2-2: Ground out 5-3 (Groundball, 5)
Batting: SHB Virgil Eberle 0-0: Ball
1-0: Ball
2-0: Called Strike
2-1: Fly out, F7 (Flyball, 7M)
Bottom of the 1st over - 0 run(s), 0 hit(s), 1 error(s), 1 left on base; Oakland 0 - Lone Star 0
TOP OF THE 2ND
Oakland Oaks batting - Pitching for Lone Star BC : RHP Cisco Cruz
Batting: RHB Dave Henderson 0-0: Ball
1-0: Swinging Strike
1-1: Swinging Strike
1-2: Strikes out swinging
Batting: LHB Johnny Hernández 0-0: Called Strike
0-1: SINGLE (Groundball, 5L)
Batting: RHB Miguel Fernández 0-0: Foul Ball, location: 2F
0-1: Ball
1-1: Ball
2-1: Ball
Throwing error on steal attempt, E2
Johnny Hernández to third
3-1: Ground out 6-3 (Groundball, 6)
Johnny Hernández scores
Batting: RHB Ramiro Lara 0-0: Foul Ball, location: 2F
0-1: Fly out, F3 (Popup, 3F)
Top of the 2nd over - 1 run(s), 1 hit(s), 1 error(s), 0 left on base; Oakland 1 - Lone Star 0
BOTTOM OF THE 2ND
Lone Star BC batting - Pitching for Oakland Oaks : RHP Ramiro Lara
Batting: RHB Steve Dunn 0-0: Called Strike
0-1: Ground out 6-3 (Groundball, 6)
Batting: RHB Nathan Clay 0-0: Ball
1-0: Ball
2-0: Ball
3-0: Called Strike
3-1: Foul Ball, location: 2F
3-2: Base on Balls
Batting: RHB Brian Williams 0-0: Hit by Pitch
Nathan Clay to second
Batting: RHB Cisco Cruz 0-0: Sac Bunt - play at first, batter OUT! 1-4
Nathan Clay to third
Brian Williams to second
Batting: RHB Soseki Matsunaga 0-0: Ball
1-0: Swinging Strike
1-1: Ground out 6-3 (Groundball, 6)
Bottom of the 2nd over - 0 run(s), 0 hit(s), 0 error(s), 2 left on base; Oakland 1 - Lone Star 0
TOP OF THE 3RD
Oakland Oaks batting - Pitching for Lone Star BC : RHP Cisco Cruz
Batting: RHB Alden Wiley 0-0: Ball
1-0: Ball
2-0: Ball
3-0: Called Strike
3-1: Called Strike
3-2: Foul Ball, location: 2F
3-2: Foul Ball, location: 2F
3-2: Foul Ball, location: 2F
3-2: Strikes out swinging
Batting: RHB Aurelio Vázquez 0-0: Ball
1-0: Ball
2-0: Called Strike
2-1: Foul Ball, location: 2F
2-2: Ball
3-2: Fly out, F8 (Flyball, 8LS)
Batting: RHB Chandler Bailey 0-0: Called Strike
0-1: Foul Ball, location: 2F
0-2: Ground out 4-3 (Groundball, 4)
Top of the 3rd over - 0 run(s), 0 hit(s), 0 error(s), 0 left on base; Oakland 1 - Lone Star 0
BOTTOM OF THE 3RD
Lone Star BC batting - Pitching for Oakland Oaks : RHP Ramiro Lara
Batting: LHB William Wise 0-0: Called Strike
0-1: Ball
1-1: Ground out 6-3 (Groundball, 6M)
Batting: SHB Leonard O'Connor 0-0: Called Strike
0-1: Ball
1-1: Foul Ball, location: 2F
1-2: Ball
2-2: Ground out 4-3 (Groundball, 4M)
Batting: RHB Luis Mendoza 0-0: Ball
1-0: Swinging Strike
1-1: Fly out, F8 (Flyball, 8LD)
Bottom of the 3rd over - 0 run(s), 0 hit(s), 0 error(s), 0 left on base; Oakland 1 - Lone Star 0
TOP OF THE 4TH
Oakland Oaks batting - Pitching for Lone Star BC : RHP Cisco Cruz
Batting: LHB Monte Pollard 0-0: Ground out 5-3 (Groundball, 56S)
Batting: RHB Eric Murti 0-0: Ball
1-0: Called Strike
1-1: Ball
2-1: Ball
3-1: Fly out, F7 (Line Drive, 78M)
Batting: RHB Dave Henderson 0-0: Ball
1-0: SINGLE (Groundball, 56S)
Batting: LHB Johnny Hernández 0-0: Ball
Dave Henderson steals 2nd base
1-0: SINGLE (Groundball, 34)
Dave Henderson to third
Runner from 3rd tries for Home, SAFE, no throw or cutoff
Batting: RHB Miguel Fernández Balk!
Johnny Hernández to second
0-0: Intentional Walk
Batting: RHB Ramiro Lara 0-0: Ball
1-0: Ball
2-0: Ball
3-0: Called Strike
3-1: Reached on error, E2 (Groundball, 2R)
Johnny Hernández scores
Miguel Fernández to third
Batting: RHB Alden Wiley 0-0: Ball
1-0: Foul Ball, location: 2F
1-1: Foul Ball, location: 2F
1-2: Foul Ball, location: 2F
1-2: Ball
2-2: Ball
3-2: Base on Balls
Batting: RHB Aurelio Vázquez 0-0: Ball
1-0: Ball
2-0: Ball
3-0: Called Strike
3-1: Foul Ball, location: 2F
3-2: Ground out 5-3 (Groundball, 56S)
Top of the 4th over - 2 run(s), 2 hit(s), 1 error(s), 3 left on base; Oakland 3 - Lone Star 0
BOTTOM OF THE 4TH
Lone Star BC batting - Pitching for Oakland Oaks : RHP Ramiro Lara
Batting: SHB Virgil Eberle 0-0: Ball
1-0: Ball
2-0: Ball
3-0: Called Strike
3-1: SOLO HOME RUN (Line Drive, 9D), Distance : 355 ft
Batting: RHB Steve Dunn 0-0: Ground out 4-3 (Groundball, 4M)
Batting: RHB Nathan Clay 0-0: Foul Ball, location: 2F
0-1: Foul Ball, location: 2F
0-2: Ball
1-2: Strikes out looking
Batting: RHB Brian Williams 0-0: Called Strike
0-1: Ground out 1-3 (Groundball, 23)
Bottom of the 4th over - 1 run(s), 1 hit(s), 0 error(s), 0 left on base; Oakland 3 - Lone Star 1
TOP OF THE 5TH
Oakland Oaks batting - Pitching for Lone Star BC : RHP Cisco Cruz
Batting: RHB Chandler Bailey 0-0: Called Strike
0-1: Ball
1-1: Ball
2-1: SINGLE (Line Drive, 78M)
Pitching: RHP Burt Booth
Batting: LHB Monte Pollard 0-0: Ball
1-0: Foul Ball, location: 2F
1-1: Foul Ball, location: 2F
1-2: Strikes out looking
Batting: RHB Eric Murti 0-0: Ball
1-0: Ball
2-0: Called Strike
2-1: Called Strike
2-2: Ball
3-2: Fielders Choice at 2nd, 4-6 (Groundball, 34)
Batting: RHB Dave Henderson 0-0: Ball
1-0: Foul Ball, location: 2F
1-1: Ball
2-1: Foul Ball, location: 2F
2-2: Ground out 5-3 (Groundball, 5S)
Top of the 5th over - 0 run(s), 1 hit(s), 0 error(s), 1 left on base; Oakland 3 - Lone Star 1
BOTTOM OF THE 5TH
Lone Star BC batting - Pitching for Oakland Oaks : RHP Ramiro Lara
Batting: LHB Burt Booth 0-0: Ball
1-0: Ball
2-0: Ground out 4-3 (Groundball, 34)
Batting: RHB Soseki Matsunaga 0-0: Called Strike
0-1: Foul Ball, location: 2F
0-2: Ground out 6-3 (Groundball, 6M)
Batting: LHB William Wise 0-0: Ball
1-0: Swinging Strike
1-1: Foul Ball, location: 2F
1-2: Ball
2-2: SINGLE (Line Drive, 8LS)
Batting: SHB Leonard O'Connor 0-0: Ball
1-0: Ball
2-0: Ball
3-0: Called Strike
3-1: Foul Ball, location: 2F
3-2: Ground out 3-1 (Groundball, 34S)
Bottom of the 5th over - 0 run(s), 1 hit(s), 0 error(s), 1 left on base; Oakland 3 - Lone Star 1
TOP OF THE 6TH
Oakland Oaks batting - Pitching for Lone Star BC : RHP Burt Booth
Batting: LHB Johnny Hernández 0-0: Ball
1-0: Called Strike
1-1: Foul Ball, location: 2F
1-2: Strikes out swinging
Batting: RHB Miguel Fernández 0-0: Ball
1-0: Called Strike
1-1: Foul Ball, location: 2F
1-2: SINGLE (Groundball, 5D)
Batting: RHB Ramiro Lara 0-0: Called Strike
0-1: Ball
1-1: Sac Bunt - play at first, batter OUT! 1-4
Miguel Fernández to second
Batting: RHB Alden Wiley 0-0: Ball
1-0: Called Strike
1-1: Fly out, F5 (Line Drive, 5S)
Top of the 6th over - 0 run(s), 1 hit(s), 0 error(s), 1 left on base; Oakland 3 - Lone Star 1
BOTTOM OF THE 6TH
Lone Star BC batting - Pitching for Oakland Oaks : RHP Ramiro Lara
Batting: RHB Luis Mendoza 0-0: Ball
1-0: Called Strike
1-1: Swinging Strike
1-2: Fly out, F3 (Popup, 3F)
Batting: SHB Virgil Eberle 0-0: Foul Ball, location: 2F
0-1: Called Strike
0-2: Ground out 4-3 (Groundball, 4)
Batting: RHB Steve Dunn 0-0: Ball
1-0: Swinging Strike
1-1: Called Strike
1-2: Ground out 5-3 (Groundball, 5)
Bottom of the 6th over - 0 run(s), 0 hit(s), 0 error(s), 0 left on base; Oakland 3 - Lone Star 1
TOP OF THE 7TH
Oakland Oaks batting - Pitching for Lone Star BC : RHP Burt Booth
Pitching: RHP Esteban Arroyo
Now in CF: Ray Merrill
Batting: RHB Aurelio Vázquez 0-0: Called Strike
0-1: Ball
1-1: Ground out 5-3 (Groundball, 56)
Batting: RHB Chandler Bailey 0-0: Ground out 4-3 (Groundball, 4)
Batting: LHB Monte Pollard 0-0: Ground out 4-3 (Groundball, 4)
Top of the 7th over - 0 run(s), 0 hit(s), 0 error(s), 0 left on base; Oakland 3 - Lone Star 1
BOTTOM OF THE 7TH
Lone Star BC batting - Pitching for Oakland Oaks : RHP Ramiro Lara
Batting: RHB Nathan Clay 0-0: Ball
1-0: Fly out, F4 (Flyball, 34D)
Batting: RHB Brian Williams 0-0: Ground out 3-1 (Groundball, 34S)
Batting: LHB Ray Merrill 0-0: Called Strike
0-1: Ball
1-1: DOUBLE (Groundball, 3L)
Batting: RHB Soseki Matsunaga 0-0: Ball
1-0: Ball
2-0: Swinging Strike
2-1: Foul Ball, location: 2F
2-2: Ball
3-2: Foul Ball, location: 2F
3-2: Foul Ball, location: 2F
3-2: Ground out 6-3 (Groundball, 6)
Bottom of the 7th over - 0 run(s), 1 hit(s), 0 error(s), 1 left on base; Oakland 3 - Lone Star 1
TOP OF THE 8TH
Oakland Oaks batting - Pitching for Lone Star BC : RHP Esteban Arroyo
Batting: RHB Eric Murti 0-0: Called Strike
0-1: Ground out 4-3 (Groundball, 4M)
Batting: RHB Dave Henderson 0-0: Foul Ball, location: 2F
0-1: Called Strike
0-2: Strikes out swinging
Batting: LHB Johnny Hernández 0-0: Fly out, F4 (Popup, 4MD)
Top of the 8th over - 0 run(s), 0 hit(s), 0 error(s), 0 left on base; Oakland 3 - Lone Star 1
BOTTOM OF THE 8TH
Lone Star BC batting - Pitching for Oakland Oaks : RHP Ramiro Lara
Pinch Hitting: LHB Maxwell Ings 0-0: Called Strike
0-1: Ball
1-1: Ball
2-1: Fly out, F8 (Flyball, 8LM)
Batting: SHB Leonard O'Connor 0-0: Ball
1-0: Ball
2-0: Ball
3-0: Called Strike
3-1: Called Strike
3-2: Foul Ball, location: 2F
3-2: DOUBLE (Flyball, 9LD)
Batting: RHB Luis Mendoza 0-0: Ground out 4-3 (Groundball, 4)
Leonard O'Connor to third
Batting: SHB Virgil Eberle 0-0: Ball
1-0: Ball
2-0: Ball
3-0: Base on Balls
Batting: RHB Steve Dunn 0-0: Ball
1-0: SINGLE (Line Drive, 6M)
Leonard O'Connor scores
Virgil Eberle to second
Pitching: RHP Curt Timperley
Now at 2B: Eugene Parrish
Pinch Hitting: RHB Vicente Toro 0-0: Swinging Strike
0-1: Called Strike
0-2: Fly out, F4 (Popup, 34D)
Bottom of the 8th over - 1 run(s), 2 hit(s), 0 error(s), 2 left on base; Oakland 3 - Lone Star 2
TOP OF THE 9TH
Oakland Oaks batting - Pitching for Lone Star BC : RHP Esteban Arroyo
Pitching: RHP Denny Marshall
Now at SS: Vicente Toro
Batting: RHB Miguel Fernández 0-0: Ground out 6-3 (Groundball, 6D)
Batting: SHB Eugene Parrish 0-0: Ball
1-0: Ball
2-0: Foul Ball, location: 2F
2-1: Fly out, F7 (Flyball, 7M)
Batting: RHB Alden Wiley 0-0: Ball
1-0: SINGLE (Flyball, 6MD)
Batting: RHB Aurelio Vázquez 0-0: Ball
1-0: Ball
2-0: Ball
3-0: Called Strike
3-1: DOUBLE (Flyball, 89D)
Alden Wiley to third
Batting: RHB Chandler Bailey 0-0: Called Strike
0-1: Ball
Error on foul ball, E9
1-2: Ball
2-2: Ball
3-2: Base on Balls
Pitching: LHP Katai Ichikawa
Pinch Hitting: RHB Wilber Moon 0-0: Ball
1-0: Ball
2-0: Foul Ball, location: 2F
2-1: Ball
3-1: Foul Ball, location: 2F
3-2: Base on Balls
Alden Wiley scores
Aurelio Vázquez to third
Chandler Bailey to second
Pitching: RHP Bill Schneider
Batting: RHB Eric Murti 0-0: Called Strike
0-1: Foul Ball, location: 2F
0-2: Foul Ball, location: 2F
0-2: Ball
1-2: Strikes out looking
Top of the 9th over - 1 run(s), 2 hit(s), 1 error(s), 3 left on base; Oakland 4 - Lone Star 2
BOTTOM OF THE 9TH
Lone Star BC batting - Pitching for Oakland Oaks : RHP Curt Timperley
Pitching: RHP Robert Anderson
Now at 1B: Chae-hyeong Kim
Now at 2B: Wilber Moon
Batting: RHB Brian Williams 0-0: Ball
1-0: Ground out 6-3 (Groundball, 6)
Batting: LHB Ray Merrill 0-0: Fly out, F8 (Flyball, 8LM)
Batting: RHB Soseki Matsunaga 0-0: Called Strike
0-1: Foul Ball, location: 2F
0-2: Ball
1-2: Ground out 5-3 (Groundball, 5)
Bottom of the 9th over - 0 run(s), 0 hit(s), 0 error(s), 0 left on base; Oakland 4 - Lone Star 2
This league is powered by Out of the Park Baseball, the baseball management simulation game for PC, Mac and Linux
Saturday, July 25th, 2015 - OOTP Baseball 15.6 Build 34